2649 views
Uploaded 2020-02-09 16:25:30
Game version 1.32 / 1.32.1
27:32 long 1on1 ladder game on (4)TurtleRock
Saved by Grim
2649 views
Uploaded 2020-02-09 16:25:30
Game version 1.32 / 1.32.1
27:32 long 1on1 ladder game on (4)TurtleRock

38 units @ 6.1k
/ 0.8k
17 buildings @ 2.6k
/ 1k



| Rod of Necromancy | 2 | 300 |
| Orb of Corruption | 1 | 375 |
| Potion of Healing | 1 | 150 |
| Scroll of Town Portal | 1 | 350 |
| Scroll of Healing | 1 | 250 |
| total: | 6 | 1425g |
| Acolyte | 4 | 300 | / | 0 |
| Ghoul | 17 | 2040 | / | 0 |
| Obsidian Statue | 4 | 800 | / | 140 |
| Abomination | 6 | 1440 | / | 420 |
| Crypt Fiend | 7 | 1505 | / | 280 |
| total: | 38 | 6085g | / | 840w |
| Nerubian Tower | 1 | 100 | / | 20 |
| Crypt | 1 | 200 | / | 50 |
| Altar of Darkness | 1 | 180 | / | 50 |
| Ziggurat | 9 | 1350 | / | 450 |
| Tomb of Relics | 2 | 260 | / | 60 |
| Graveyard | 1 | 215 | / | 0 |
| Slaughterhouse | 3 | 420 | / | 405 |
| Halls of the Dead | 2 | 640 | / | 420 |
| Black Citadel | 1 | 325 | / | 230 |
| total: | 17 | 2625g | / | 1015w |
| 0:03 | Acolyte |
| 0:07 | Crypt |
| 0:11 | Altar of Darkness |
| 0:13 | Acolyte |
| 0:23 | Ziggurat |
| 0:32 | Acolyte |
| 0:51 | Tomb of Relics |
| 1:08 | Ghoul |
| 1:19 | Ziggurat |
| 1:29 | Ghoul |
| 1:41 | Ghoul |
| 1:56 | Ghoul |
| 2:11 | Ghoul |
| 2:15 | Rod of Necromancy |
| 2:16 | Death Coil |
| 2:23 | Ghoul |
| 2:57 | Halls of the Dead |
| 3:22 | Ghoul |
| 3:30 | Graveyard |
| 4:05 | Unholy Aura |
| 4:08 | Ghoul |
| 4:22 | Ziggurat |
| 4:24 | Ghoul |
| 4:54 | Ghoul |
| 5:22 | Black Citadel |
| 5:46 | Slaughterhouse |
| 5:47 | Slaughterhouse |
| 6:01 | Ziggurat |
| 6:23 | Ghoul |
| 6:32 | Frost Nova |
| 6:35 | Rod of Necromancy |
| 7:28 | Obsidian Statue |
| 7:31 | Ghoul |
| 7:44 | Orb of Corruption |
| 7:48 | Potion of Healing |
| 8:02 | Ghoul Frenzy |
| 8:12 | Unholy Armor |
| 8:54 | Ghoul |
| 8:54 | Ghoul |
| 8:57 | Slaughterhouse |
| 9:41 | Silence |
| 9:44 | Death Coil |
| 10:04 | Abomination |
| 10:13 | Frost Armor |
| 10:48 | Disease Cloud |
| 11:19 | Ziggurat |
| 11:20 | Ziggurat |
| 11:32 | Black Arrow |
| 12:13 | Abomination |
| 12:18 | Ziggurat |
| 12:22 | Obsidian Statue |
| 12:33 | Unholy Strength |
| 13:30 | Frost Nova |
| 13:34 | Abomination |
| 13:35 | Abomination |
| 13:41 | Improved Unholy Armor |
| 14:37 | Unholy Aura |
| 14:44 | Improved Unholy Strength |
| 14:46 | Scroll of Town Portal |
| 14:51 | Scroll of Healing |
| 15:17 | Destroyer Form |
| 15:21 | Burrow |
| 15:53 | Silence |
| 15:57 | Abomination |
| 16:04 | Advanced Unholy Armor |
| 17:13 | Abomination |
| 17:14 | Ghoul |
| 17:58 | Black Arrow |
| 18:04 | Ghoul |
| 18:04 | Ghoul |
| 18:15 | Advanced Unholy Strength |
| 18:22 | Dark Ritual |
| 18:32 | Death Coil |
| 18:36 | Obsidian Statue |
| 18:37 | Obsidian Statue |
| 20:05 | Web |
| 20:26 | Crypt Fiend |
| 20:27 | Crypt Fiend |
| 21:10 | Crypt Fiend |
| 22:06 | Crypt Fiend |
| 23:29 | Crypt Fiend |
| 23:43 | Ziggurat |
| 23:45 | Tomb of Relics |
| 24:01 | Crypt Fiend |
| 24:10 | Creature Attack |
| 25:25 | Crypt Fiend |
| 25:50 | Acolyte |
| 26:02 | Improved Creature Attack |
| 26:21 | Nerubian Tower |
| 26:23 | Ziggurat |
| Right click | 1920 |
| Select group | 1383 |
| Select | 496 |
| Assign group | 406 |
| Build/train/purchase | 131 |
| Use ability | 76 |
| Misc. action | 9 |
| Remove unit | 3 |
| Item give/drop | 2 |
| Esc | 1 |
45 units @ 7k
/ 0.9k
21 buildings @ 2.9k
/ 1.2k



| Scroll of Regeneration | 2 | 200 |
| Orb of Fire | 1 | 325 |
| Staff of Sanctuary | 1 | 250 |
| Lesser Clarity Potion | 2 | 140 |
| Scroll of Town Portal | 4 | 1400 |
| total: | 10 | 2315g |
| Peasant | 15 | 1125 | / | 0 |
| Footman | 5 | 675 | / | 0 |
| Rifleman | 10 | 2050 | / | 300 |
| Priest | 7 | 945 | / | 70 |
| Gryphon Rider | 7 | 1960 | / | 490 |
| Knight | 1 | 245 | / | 60 |
| total: | 45 | 7000g | / | 920w |
| Scout Tower | 1 | 30 | / | 20 |
| Arcane Tower | 1 | 70 | / | 50 |
| Altar of Kings | 3 | 540 | / | 150 |
| Farm | 8 | 640 | / | 160 |
| Barracks | 1 | 160 | / | 60 |
| Blacksmith | 1 | 140 | / | 60 |
| Arcane Vault | 1 | 130 | / | 30 |
| Lumber Mill | 2 | 240 | / | 0 |
| Town Hall | 2 | 770 | / | 410 |
| Arcane Sanctum | 1 | 150 | / | 140 |
| Gryphon Aviary | 1 | 140 | / | 150 |
| Keep | 1 | 320 | / | 210 |
| Castle | 1 | 360 | / | 210 |
| total: | 21 | 2940g | / | 1180w |
| 0:02 | Peasant |
| 0:05 | Altar of Kings |
| 0:05 | Altar of Kings |
| 0:08 | Altar of Kings |
| 0:10 | Peasant |
| 0:18 | Farm |
| 0:19 | Barracks |
| 0:23 | Peasant |
| 0:34 | Peasant |
| 0:49 | Farm |
| 0:51 | Peasant |
| 1:06 | Peasant |
| 1:20 | Peasant |
| 1:21 | Footman |
| 1:22 | Footman |
| 1:41 | Footman |
| 1:45 | Peasant |
| 1:51 | Farm |
| 2:07 | Summon Water Elemental |
| 2:10 | Footman |
| 2:39 | Footman |
| 2:53 | Keep |
| 3:27 | Blacksmith |
| 3:48 | Brilliance Aura |
| 4:12 | Arcane Vault |
| 4:25 | Scout Tower |
| 4:40 | Rifleman |
| 4:40 | Rifleman |
| 4:42 | Farm |
| 5:01 | Black Gunpowder |
| 5:04 | Arcane Tower |
| 5:31 | Scroll of Regeneration |
| 5:40 | Arcane Sanctum |
| 5:56 | Rifleman |
| 6:19 | Storm Bolt |
| 6:29 | Long Rifles |
| 6:40 | Refined Gunpowder |
| 7:21 | Priest |
| 7:24 | Farm |
| 7:33 | Castle |
| 7:35 | Priest |
| 7:45 | Farm |
| 7:54 | Lumber Mill |
| 8:07 | Priest |
| 8:11 | Priest Adept Training |
| 8:25 | Bash |
| 8:31 | Rifleman |
| 8:33 | Farm |
| 8:37 | Scroll of Town Portal |
| 8:51 | Summon Water Elemental |
| 8:57 | Rifleman |
| 9:03 | Scroll of Regeneration |
| 10:21 | Priest Master Training |
| 10:23 | Rifleman |
| 10:25 | Imbued Gunpowder |
| 10:27 | Farm |
| 10:36 | Storm Bolt |
| 11:01 | Orb of Fire |
| 11:01 | Staff of Sanctuary |
| 11:04 | Holy Light |
| 11:31 | Scroll of Town Portal |
| 11:31 | Scroll of Town Portal |
| 11:48 | Improved Lumber Harvesting |
| 11:53 | Studded Leather Armor |
| 12:16 | Divine Shield |
| 13:26 | Rifleman |
| 13:36 | Magic Sentry |
| 14:15 | Town Hall |
| 14:20 | Reinforced Leather Armor |
| 14:26 | Holy Light |
| 14:47 | Peasant |
| 14:47 | Peasant |
| 14:48 | Peasant |
| 14:53 | Lumber Mill |
| 14:59 | Rifleman |
| 15:06 | Priest |
| 15:48 | Rifleman |
| 15:49 | Priest |
| 15:51 | Peasant |
| 15:54 | Advanced Lumber Harvesting |
| 16:00 | Gryphon Aviary |
| 16:24 | Scroll of Town Portal |
| 16:35 | Priest |
| 16:40 | Peasant |
| 16:40 | Peasant |
| 17:30 | Bash |
| 17:59 | Gryphon Rider |
| 17:59 | Gryphon Rider |
| 18:22 | Rifleman |
| 19:21 | Animal War Training |
| 19:56 | Gryphon Rider |
| 20:10 | Lesser Clarity Potion |
| 20:16 | Lesser Clarity Potion |
| 20:24 | Priest |
| 21:04 | Gryphon Rider |
| 22:07 | Town Hall |
| 23:37 | Gryphon Rider |
| 23:46 | Iron Forged Swords |
| 24:25 | Gryphon Rider |
| 25:01 | Brilliance Aura |
| 25:17 | Knight |
| 25:55 | Gryphon Rider |
| 26:13 | Peasant |
| Select group | 2372 |
| Right click | 2188 |
| Select | 1006 |
| Misc. action | 288 |
| Build/train/purchase | 134 |
| Assign group | 78 |
| Use ability | 63 |
| Item give/drop | 5 |
| Esc | 5 |